 Dungeon Crawl Stone Soup version 0.25-a0-201-g0bb11aece9 (webtiles) character file.

Game seed: 1177748659274239670, levelgen mode: classic

8040 EnegeticOcto the Cleaver (level 11, -6/104 HPs)
             Began as a Deep Dwarf Fighter on Dec 2, 2019.
             Was a High Priest of Makhleb.
             Mangled by a manticore (15 damage)
             ... on level 11 of the Dungeon.
             The game lasted 00:07:59 (7517 turns).

EnegeticOcto the Cleaver (Deep Dwarf Fighter)       Turns: 7517, Time: 00:08:00

Health: -6/104     AC: 15    Str: 24    XL:     11   Next: 4%
Magic:  9/9        EV: 10    Int: 10    God:    Makhleb [*****.]
Gold:   178        SH: 11    Dex: 12    Spells: 10/10 levels left

rFire    . . .     SeeInvis .   a - +0 war axe
rCold    . . .     Gourm    +   c - +0 shield
rNeg     . . .     Faith    .   q - +0 chain mail
rPois    +         Spirit   .   (no helmet)
rElec    .         Reflect  .   x - +2 cloak {rPois}
rCorr    .         Harm     .   n - +0 pair of gloves
MR       +....                  (no boots)
Stlth    ..........             w - amulet of the gourmand
HPRegen  0.00/turn              v - +2 ring of strength
MPRegen  0.11/turn              (no ring)

@: non-regenerating
A: damage resistance, heal wounds, sense surroundings 2, no regeneration
a: Heal Wounds, Minor Destruction, Lesser Servant of Makhleb, Major Destruction,
Greater Servant of Makhleb, Renounce Religion


You were on level 11 of the Dungeon.
You worshipped Makhleb.
Makhleb was extremely pleased with you.
You were completely stuffed.

You visited 2 branches of the dungeon, and saw 12 of its levels.

You collected 719 gold pieces.
You spent 541 gold pieces at shops.

Inventory:

Hand Weapons
 a - a +0 war axe (weapon)
 z - a +1 hand axe of flaming
Missiles
 E - 12 throwing nets (quivered) {!f}
Armour
 c - a +0 shield (worn)
 n - a +0 pair of gloves (worn)
 q - a +0 chain mail (worn)
 x - a +2 cloak of poison resistance (worn)
Jewellery
 v - a +2 ring of strength (left hand)
 w - an amulet of the gourmand (around neck)
Wands
 k - a wand of paralysis (8)
 o - a wand of polymorph (4)
 t - a wand of flame (29)
 y - a wand of acid (16)
Scrolls
 b - 2 scrolls of fear
 h - 2 scrolls of fog
 l - 3 scrolls of teleportation {@r3}
 m - 3 scrolls of amnesia
 p - 3 scrolls of magic mapping {@r5}
 r - 6 scrolls of remove curse {@r2}
 u - 7 scrolls of enchant weapon {@r8}
 B - 2 scrolls of enchant armour
 G - a scroll of silence
Potions
 f - 4 potions of lignification {@q6}
 g - 2 potions of brilliance
 i - 2 potions of mutation
 j - 4 potions of curing {@q1}
 s - a potion of resistance
 A - a potion of ambrosia
 C - a potion of cancellation
 F - a potion of might {@q3}
Comestibles
 d - 5 chunks of flesh
 e - 21 rations


   Skills:
 * Level 8.3 Fighting
 * Level 9.5 Axes
 + Level 7.4 Armour
 + Level 6.4 Dodging
 + Level 7.4 Shields
 * Level 8.1 Invocations


You had 10 spell levels left.
You didn't know any spells.
Your spell library contained the following spells:

 Spells                   Type           Power        Failure   Level  Hunger
 Animate Skeleton         Necr           N/A          99%         1    ##.....
 Apportation              Tloc           #.....       99%         1    ##.....
 Confusing Touch          Hex            #.....       99%         1    ##.....
 Infusion                 Chrm           #...         99%         1    ##.....
 Summon Small Mammal      Summ           #...         99%         1    ##.....
 Shroud of Golubria       Chrm/Tloc      #.....       100%        2    ###....
 Song of Slaying          Chrm           #.......     100%        2    ###....
 Spectral Weapon          Hex/Chrm       #.......     100%        3    ####...
 Regeneration             Chrm/Necr      Unusable     N/A         3    N/A

Dungeon Overview and Level Annotations

Branches:
Dungeon (11/15)            Temple (1/1) D:5            Lair (0/6) D:9
    Orc: D:9-12

Altars:
Ashenzari
Cheibriados
Dithmenos
Elyvilon
Fedhas
Gozag
Hepliaklqana
Kikubaaqudgha
Makhleb
Nemelex Xobeh
Okawaru
Qazlal
Ru
Sif Muna
Trog
Uskayaw
Vehumet
Wu Jian
Xom
Yredelemnul
Zin
The Shining One

Shops:
D:4 [   D:8 (   D:10 !

Annotations:
D:9 2 transporters


Innate Abilities, Weirdness & Mutations

You are resistant to damage.
You can heal yourself by infusing magical energy.
You passively map the area around you.
You do not regenerate.


Message History

[Y]es or [N]o only, please.
The barbs in your skin will harm you if you move.
Continue?
Okay, then.
The manticore flicks its tail.
The volley of spikes hits you!
The barbed spikes become lodged in your body.
The manticore flicks its tail.
The volley of spikes hits you!
The barbed spikes become lodged in your body.
The manticore flicks its tail.
The volley of spikes hits you.
The barbed spikes become lodged in your body.
The manticore flicks its tail.
You block the volley of spikes.
The manticore flicks its tail.
The volley of spikes hits you!
The barbed spikes become lodged in your body.
* * * LOW HITPOINT WARNING * * *
You are too injured to fight recklessly!
You are too injured to fight recklessly!
You are too injured to fight recklessly!
You are too injured to fight recklessly!
You are too injured to fight recklessly!
You are too injured to fight recklessly!
You are too injured to fight recklessly!
You are too injured to fight recklessly!
You are too injured to fight recklessly!
You are too injured to fight recklessly!
You are too injured to fight recklessly!
Unknown command.
The barbs in your skin will harm you if you move.
Continue?
Okay, then.
The manticore flicks its tail.
You block the volley of spikes.
You are too injured to fight recklessly!
You are too injured to fight recklessly!
You are too injured to fight recklessly!
You are too injured to fight recklessly!
You block the manticore's attack.
The manticore claws you but does no damage.
The manticore closely misses you.
You are too injured to fight recklessly!
You are too injured to fight recklessly!
You are too injured to fight recklessly!
You are too injured to fight recklessly!
You are too injured to fight recklessly!
You are too injured to fight recklessly!
You are too injured to fight recklessly!
You are too injured to fight recklessly!
You are too injured to fight recklessly!
You are too injured to fight recklessly!
You are too injured to fight recklessly!
You are too injured to fight recklessly!
You slash the manticore!
The manticore is lightly wounded.
The manticore bites you but does no damage.
The manticore barely misses you. The manticore misses you.
You closely miss the manticore.
The manticore is lightly wounded.
The manticore bites you!
* * * LOW HITPOINT WARNING * * *
The manticore claws you but does no damage.
The manticore barely misses you.
You hit the manticore.
The manticore is moderately wounded.
You block the manticore's attack.
The manticore claws you but does no damage.
You block the manticore's attack.
You hit the manticore.
The manticore is moderately wounded.
You carefully extract the barbed spikes from your body.
The manticore bites you but does no damage.
You block the manticore's attack. The manticore barely misses you.
Your chain mail prevents you from hitting the manticore.
The manticore is moderately wounded.
The manticore bites you but does no damage.
The manticore claws you. You block the manticore's attack.
You slash the manticore!
The manticore is heavily wounded.
You block the manticore's attack.
The manticore claws you but does no damage.
The manticore claws you!
* * * LOW HITPOINT WARNING * * *
You closely miss the manticore.
The manticore is heavily wounded.
The manticore bites you.
* * * LOW HITPOINT WARNING * * *
The manticore claws you but does no damage.
The manticore claws you.
* * * LOW HITPOINT WARNING * * *
You block the manticore's attack. x2; The manticore claws you.
* * * LOW HITPOINT WARNING * * *
You hit the manticore but do no damage.
The manticore is heavily wounded.
You block the manticore's attack.
The manticore claws you but does no damage. x2
You hit the manticore but do no damage.
The manticore is heavily wounded.
The manticore bites you!!
You die...

* * *# , .. * ### .#
.....#### ..#..*
.........#######*... **
...............##.# ,
.....###.####.†@H# * ,
.....# #.####.#.....#
**
*#.##.###........##...#
* #.##..........###
*..# #.#.....÷##.....
,... ##...####..#.....
* #. ,,,, #....#
##..####., , , * ** ,
..#.## *#... , , *** ,
..#.# ###.# ,, ,


You could see a manticore.

Vanquished Creatures
  Harold (D:9)
  A manticore (D:11)
  A gargoyle (D:10)
  A centaur skeleton (D:10)
  A troll (D:11)
  A hornet (D:11)
  Prince Ribbit (D:5)
  Grinder (D:4)
  A wyvern (D:11)
  Eustachio (D:6)
  A hungry ghost (D:9)
  Menkaure (D:4)
  Edmund (D:5)
  Duvessa (D:6)
  3 ice beasts
  An orc warrior (D:7)
  A phantom (D:4)
  A sky beast (D:10)
  4 ogres
  4 centaurs
  2 big kobolds
  Blork the orc (D:6)
  7 gnoll sergeants (D:9)
  4 bullfrogs
  4 scorpions
  Dowan (D:6)
  3 killer bees (D:5)
  2 howler monkeys (D:7)
  3 crimson imps
  2 quasits
  A bullfrog zombie (D:6)
  6 jellies
  9 orc priests
  10 hounds
  3 bullfrog skeletons
  Natasha (twice) (D:4)
  2 gnoll shamans (D:9)
  An iguana (D:5)
  14 orc wizards
  7 worker ants
  3 hound zombies
  A worker ant zombie (D:9)
  6 adders
  29 gnolls
  A howler monkey skeleton (D:4)
  A shadow imp (D:5)
  2 adder zombies (D:5)
  An ooze (D:2)
  3 adder skeletons
  2 dart slugs
  3 leopard geckos
  54 orcs
  3 ball pythons
  8 giant cockroaches
  5 goblins
  9 hobgoblins
  7 jackals
  18 kobolds
  8 quokkas
  4 bats
  3 frilled lizards
  2 jackal skeletons
  A jackal zombie (D:8)
  2 leopard gecko skeletons
  5 rats
  A spectral orc (D:6)
294 creatures vanquished.

Notes
Turn   | Place    | Note
-------+----------+-------------------------------------------
     0 | D:1      | EnegeticOcto the Deep Dwarf Fighter began the quest for the
                  | Orb.
     0 | D:1      | Reached XP level 1. HP: 20/20 MP: 1/1
   336 | D:1      | Reached XP level 2. HP: 24/27 MP: 2/2
   714 | D:2      | Reached XP level 3. HP: 28/34 MP: 3/3
   719 | D:2      | Reached skill level 1 in Dodging
   874 | D:2      | Found a shimmering blue altar of Sif Muna.
   925 | D:2      | Noticed a +0 dagger
   925 | D:2      | Noticed a +0 dagger
   929 | D:2      | Found a hide-covered altar of Uskayaw.
  1053 | D:2      | Reached skill level 3 in Axes
  1325 | D:3      | Reached XP level 4. HP: 31/42 MP: 4/4
  1563 | D:3      | Found a glowing silver altar of Zin.
  1733 | D:4      | Noticed a phantom
  1777 | D:4      | Killed a phantom
  1777 | D:4      | Reached XP level 5. HP: 23/50 MP: 5/5
  1798 | D:4      | Noticed Natasha
  1823 | D:4      | Killed Natasha
  1863 | D:4      | Reached skill level 4 in Axes
  1878 | D:4      | Reached XP level 6. HP: 37/57 MP: 5/5
  1889 | D:4      | Found Himupp's Armour Boutique.
  1893 | D:4      | Bought a +2 cloak of poison resistance for 185 gold pieces
  1897 | D:4      | Noticed Grinder
  1908 | D:4      | Paralysed by Grinder for 4 turns
  1920 | D:4      | Killed Grinder
  1920 | D:4      | Reached XP level 7. HP: 46/66 MP: 5/5
  2017 | D:4      | Reached skill level 5 in Axes
  2074 | D:4      | Noticed Menkaure
  2085 | D:4      | Killed Menkaure
  2131 | D:4      | Found a snail-covered altar of Cheibriados.
  2157 | D:4      | Reached skill level 5 in Fighting
  2211 | D:4      | Noticed Natasha
  2217 | D:4      | Killed Natasha
  2326 | D:5      | Entered Level 5 of the Dungeon
  2330 | D:5      | Reached skill level 5 in Armour
  2330 | D:5      | Reached skill level 5 in Shields
  2333 | D:5      | Reached XP level 8. HP: 69/74 MP: 5/5
  2385 | D:5      | Reached skill level 6 in Axes
  2667 | D:5      | Found a staircase to the Ecumenical Temple.
  2676 | Temple   | Entered the Ecumenical Temple
  2716 | Temple   | Became a worshipper of Makhleb the Destroyer
  2889 | D:5      | Reached skill level 1 in Invocations
  2929 | D:5      | Found an iron altar of Okawaru.
  2988 | D:5      | Noticed Edmund
  3015 | D:5      | Killed Edmund
  3082 | D:5      | Noticed Prince Ribbit
  3101 | D:5      | Killed Prince Ribbit
  3242 | D:6      | Reached skill level 7 in Axes
  3242 | D:6      | Gained mutation: You passively map the area around you.
                  | [Deep Dwarf growth]
  3242 | D:6      | Reached XP level 9. HP: 23/82 MP: 5/7
  3296 | D:6      | Noticed Eustachio
  3429 | D:6      | Killed Eustachio
  3457 | D:6      | Reached * piety under Makhleb
  3476 | D:6      | Noticed Dowan
  3477 | D:6      | Noticed Duvessa
  3497 | D:6      | Killed Dowan
  3512 | D:6      | Killed Duvessa
  3538 | D:6      | Found a blossoming altar of Fedhas.
  3647 | D:6      | Found a white marble altar of Elyvilon.
  4052 | D:6      | Found a basalt altar of Yredelemnul.
  4262 | D:6      | Noticed Blork the orc
  4276 | D:6      | Killed Blork the orc
  4609 | D:7      | Reached skill level 5 in Dodging
  4618 | D:7      | Reached ** piety under Makhleb
  5020 | D:7      | Found a hazy altar of Hepliaklqana.
  5178 | D:7      | Found a sparkling altar of Nemelex Xobeh.
  5181 | D:7      | Found an iron altar of Okawaru.
  5185 | D:7      | Found an opulent altar of Gozag.
  5317 | D:8      | Reached skill level 5 in Invocations
  5447 | D:8      | Found Ylabbeh's Antique Weapon Emporium.
  5455 | D:8      | Bought a brightly glowing battleaxe for 356 gold pieces
  5460 | D:8      | Identified the cursed +1 battleaxe "Futidust" {holy, Str+4}
                  | (You bought it in a shop on level 8 of the Dungeon)
  5550 | D:8      | Reached skill level 8 in Axes
  5797 | D:9      | Found a staircase to the Lair.
  5813 | D:9      | Found a shattered altar of Ashenzari.
  5830 | D:9      | Noticed Harold
  5868 | D:9      | Killed Harold
  5868 | D:9      | Reached XP level 10. HP: 80/94 MP: 8/8
  6057 | D:9      | Reached *** piety under Makhleb
  6407 | D:9      | Reached **** piety under Makhleb
  6632 | D:9      | Reached skill level 9 in Axes
  6660 | D:9      | Found a transporter.
  6665 | D:9      | Found a transporter.
  6672 | D:9      | Noticed a deep elf archer
  6672 | D:9      | Noticed a centaur warrior
  6676 | D:9      | Found an ornate altar of the Wu Jian Council.
  6730 | D:10     | Entered Level 10 of the Dungeon
  7014 | D:10     | Found Ylelov's Distillery.
  7103 | D:10     | Reached ***** piety under Makhleb
  7105 | D:10     | Noticed a gargoyle
  7132 | D:10     | Killed a gargoyle
  7390 | D:11     | Noticed a manticore
  7403 | D:11     | Killed a manticore
  7403 | D:11     | Reached XP level 11. HP: 70/103 MP: 7/9
  7517 | D:11     | Mangled by a manticore

Levels and vault maps discovered:
D:1:      eino_arrival_water_cross, layout_basic, dk_noncrumbling_2
D:2:      layout_rooms, dancing_weapons_uskayaw, nicolae_overflow_hidden_temple,
          minmay_bisected
D:3:      layout_loops_ring, zin_treasury
D:4:      layout_rooms, kennysheep_slug_shrine, first_ration, serial_shops,
          shop, uniq_grinder, uniq_menkaure, uniq_natasha
D:5:      layout_basic, minmay_temple_entry_wispy, okawaru_metal_pillars_3,
          uniq_prince_ribbit1, uniq_edmund
D:6:      layout_loops_corners, kennysheep_mini, nicolae_overflow_crystal_walls,
          yredelemnul_forgotten_temple_becter, uniq_duvessa, uniq_eustachio,
          uniq_blork_the_orc
D:7:      layout_basic, grunt_temple_overflow_diamond, marbit_many_paths,
          grunt_ogre_cave
D:8:      layout_rooms, serial_shops, shop
D:9:      layout_cave_pools, cheibrodos_ashenzari_chains,
          gammafunk_temple_overflow_arena, lair_entry_dummy, serial_gnoll_camp,
          gnoll_camp_mini_hut, gnoll_camp_mini_sergeant, gnoll_camp_medium_02,
          gnoll_camp_mini_basic, gnoll_camp_huts_basic, gnoll_camp_mini_hut,
          uniq_harold
D:10:     layout_cave_pools, serial_shops, nicolae_shop_trees
D:11:     layout_rooms, minmay_orc_entry_temple_large
Temple:   jpeg_temple_island

Skill      XL: |  1  2  3  4  5  6  7  8  9 10 |
---------------+-------------------------------+-----
Fighting       | 3 4 5 6 7 8 |  8.3
Dodging        | 1 2 3 4 5 6 |  6.4
Axes           | 3 4 5 7 8 9 |  9.5
Shields        | 4 5 6 7 |  7.4
Armour         | 4 5 6 7 |  7.4
Invocations    | 2 6 8 |  8.1

Action                   |  1- 3 |  4- 6 |  7- 9 | 10-12 || total
-------------------------+-------+-------+-------+-------++-------
Melee: War axe           |   138 |   124 |   148 |   453 ||   863
       Hand axe          |       |       |   608 |       ||   608
 Abil: Heal Wounds       |       |     8 |    22 |     5 ||    35
  Use: Scroll            |       |    10 |     7 |     5 ||    22
       Potion            |       |     1 |       |       ||     1
  Eat: Chunk             |     2 |    12 |    18 |    19 ||    51
Armor: Scale mail        |    61 |       |       |       ||    61
       Chain mail        |    32 |    92 |   394 |   224 ||   742
Dodge: Dodged            |    41 |    37 |   262 |   197 ||   537
Block: Shield            |    99 |    86 |   420 |   290 ||   895

Table legend:
 A = Non-vault XP
 B = Vault XP
 C = Vault XP percentage of total XP
 D = Non-vault monster count
 E = Vault monster count
 F = Vault count percentage of total count
                 A         B        C        D         E       F
            +---------+---------+-------+---------+---------+-------
      Total |    7704 |    3782 |  32.9 |     238 |      56 |  19.0
            +---------+---------+-------+---------+---------+-------
        D:1 |      22 |       0 |   0.0 |      13 |       0 |   0.0
        D:2 |      53 |       4 |   7.0 |      17 |       2 |  10.5
        D:3 |      42 |       0 |   0.0 |      17 |       0 |   0.0
        D:4 |     682 |     467 |  40.6 |      30 |       4 |  11.8
        D:5 |    1010 |     434 |  30.1 |      29 |       2 |   6.5
        D:6 |     437 |     506 |  53.7 |      28 |       5 |  15.2
        D:7 |     596 |     159 |  21.1 |      23 |       2 |   8.0
        D:8 |     570 |       0 |   0.0 |      15 |       0 |   0.0
        D:9 |    1086 |    2212 |  67.1 |      28 |      41 |  59.4
       D:10 |    1471 |       0 |   0.0 |      27 |       0 |   0.0
       D:11 |    1735 |       0 |   0.0 |      11 |       0 |   0.0
            +---------+---------+-------+---------+---------+-------
